 Dungeon Crawl Stone Soup version 0.31.0-11-ge490571c62 (webtiles) character file.

Game seed: 14674763780221120419

97 Derpghoster the Trooper (level 4, -1/49 HPs)
             Began as an Oni Gladiator on Jan 30, 2024.
             Slain by a goblin
             ... wielding a +0 dagger
              (2 damage)
             ... on level 4 of the Dungeon.
             The game lasted 00:04:27 (1588 turns).

Derpghoster the Trooper (Oni Gladiator)             Turns: 1588, Time: 00:04:28

Health: -1/49      AC:  3    Str: 18    XL:     4   Next: 68%
Magic:  4/4        EV: 10    Int:  9    God:
Gold:   110        SH:  0    Dex: 12    Spells: 3/3 levels left

rFire   . . .        a - +0 quarterstaff
rCold   . . .        (shield currently unavailable)
rNeg    . . .        b - +0 robe
rPois   .            c - +0 hat
rElec   .            (no cloak)
rCorr   .            (gloves unavailable)
SInv    .            (boots unavailable)
Will    .....        (no amulet)
Stlth   +            (no ring)
HPRegen 0.28/turn    (no ring)
MPRegen 0.09/turn

%: no passive effects
@: no status effects
A: large, unfitting armour, horns 1, tough skin 1, double potion healing,
drunken brawling
a: no special abilities


You were on level 4 of the Dungeon.
You visited 1 branch of the dungeon, and saw 4 of its levels.

You collected 110 gold pieces.

Inventory:

Hand Weapons
 a - a +0 quarterstaff (weapon)
Missiles
 d - 3 throwing nets (quivered)
 e - a large rock
Armour
 b - a +0 robe (worn)
 c - a +0 hat (worn)
Jewellery
 h - a ring of willpower
Talismans
 j - a blade talisman
Potions
 k - a potion of might {unknown}


   Skills:
 * Level 4.5 Fighting
 + Level 3.8 Staves
 + Level 2.1 Throwing
 + Level 3.2 Dodging


You had 3 spell levels left.
You didn't know any spells.
Your spell library was empty.

Dungeon Overview and Level Annotations

Branches:
Dungeon (4/15)
 Temple: D:4-7

Altars:

Shops:
D:1 [


Innate Abilities, Weirdness & Mutations

You are too large for most types of armour.
You have a pair of small horns on your head.
You have tough skin. (AC +1)
You gain doubled healing and magic from potions.
Whenever you drink a healing potion, you attack all around you.


Message History

The goblin hits you with a +0 dagger.
The orc wizard hits you with a +0 dagger.
The orc barely misses you.
You closely miss the orc wizard. Your headbutt misses the orc wizard.
The orc wizard is heavily wounded.
The goblin hits you with a +0 dagger.
The orc wizard hits you with a +0 dagger.
* * * LOW HITPOINT WARNING * * *
The orc closely misses you.
You hit the orc wizard.
The orc wizard is severely wounded.
The goblin hits you with a +0 dagger.
* * * LOW HITPOINT WARNING * * *
The orc wizard closely misses you. The orc barely misses you.
The goblin hits you with a +0 dagger.
* * * LOW HITPOINT WARNING * * *
You closely miss the orc wizard.
The orc wizard is severely wounded.
The orc wizard barely misses you. The orc barely misses you.
The goblin closely misses you.
You barely miss the orc wizard.
The orc wizard is severely wounded.
The orc wizard hits you with a +0 dagger.
* * * LOW HITPOINT WARNING * * *
The orc closely misses you. The goblin hits you with a +0 dagger.
* * * LOW HITPOINT WARNING * * *
The orc wizard hits you but does no damage.
The orc closely misses you.
You closely miss the orc wizard.
The orc wizard is severely wounded.
The goblin hits you with a +0 dagger.
* * * LOW HITPOINT WARNING * * *
The orc wizard hits you with a +0 dagger.
* * * LOW HITPOINT WARNING * * *
The orc hits you with a +0 war axe.
* * * LOW HITPOINT WARNING * * *
You barely miss the orc wizard.
The orc wizard is severely wounded.
The goblin hits you with a +0 dagger.
You die...

...).......
..........
......... #
...#... #.#.
#....####
#....##.......#
#.......#
..#####og..##..
.......@o)....#
..#####.....###
#.....# .....##
........
#.#####.. ..
#.. ## #.


You could see an orc wizard, an orc and a goblin.

Vanquished Creatures
  A gnoll (D:1)
  2 adders
  A ribbon worm (D:2)
  3 orcs
  2 bats (D:1)
  5 endoplasms
  5 giant cockroaches
  6 goblins
  4 hobgoblins
  7 jackals (D:1)
  4 quokkas
  5 ball pythons
  6 kobolds
  5 rats
56 creatures vanquished.

Notes
Turn   | Place    | Note
-------+----------+-------------------------------------------
     0 | D:1      | Derpghoster the Oni Gladiator began the quest for the Orb.
     0 | D:1      | Reached XP level 1. HP: 22/22 MP: 1/1
   120 | D:1      | Found Vozav's Armour Emporium.
   184 | D:1      | Reached XP level 2. HP: 10/29 MP: 2/2
   316 | D:1      | Reached skill level 3 in Fighting
   498 | D:1      | Reached XP level 3. HP: 35/37 MP: 3/3
   953 | D:2      | Reached skill level 4 in Fighting
  1046 | D:2      | Reached XP level 4. HP: 46/48 MP: 4/4
  1547 | D:3      | Noticed a kobold brigand
  1587 | D:4      | HP: 1/49 [orc/+0 war axe (2)]
  1588 | D:4      | Slain by a goblin

Illustrated notes

Levels and vault maps discovered:
D:1:      dpeg_arrival_simpleton_b, layout_loops_ring, serial_shops, shop
D:2:      layout_rooms
D:3:      cheibrodos_thug_alley, layout_rooms, uniq_crazy_yiuf_cottage
D:4:      minmay_evil_eye, layout_rooms, uniq_blork_the_orc

Skill      XL: |  1  2  3 |
---------------+----------+-----
Dodging        | 3 |  3.2
Fighting       | 3 4 |  4.5
Staves         | |  3.8
Throwing       | |  2.1

Action                     |  1- 3 |  4- 6 || total
---------------------------+-------+-------++-------
  Melee: Quarterstaff      |    92 |    60 ||   152
         Headbutt          |    16 |     7 ||    23
    Use: Scroll            |       |     5 ||     5
         Potion            |       |     4 ||     4
   Stab: Sleeping          |     1 |       ||     1
 Armour: Robe              |    60 |    64 ||   124
  Dodge: Dodged            |    55 |    50 ||   105
